 Dungeon Crawl Stone Soup version 0.22.0-60-ga52c2fc (webtiles) character file.

33 Starchild the Bolt Thrower (level 3, -3/20 HPs)
             Began as a Kobold Arcane Marksman on Sept 10, 2018.
             Slain by an adder (4 damage)
             ... on level 2 of the Dungeon.
             The game lasted 00:05:40 (1633 turns).

Starchild the Bolt Thrower (Kobold Arcane Marksman) Turns: 1633, Time: 00:05:40

Health: -3/20      AC:  2    Str:  7    XL:     3   Next: 47%
Magic:  4/4        EV: 15    Int: 15    God:
Gold:   67         SH:  0    Dex: 15    Spells: 3/4 levels left

rFire    . . .     SeeInvis .   r - -3 short sword (curse)
rCold    . . .     Gourm    .   (shield restricted)
rNeg     + . .     Faith    .   e - +0 robe
rPois    .         Spirit   .   (no helmet)
rElec    .         Reflect  .   (no cloak)
rCorr    .         Harm     .   (no gloves)
MR       .....                  (no boots)
Stlth    +.........             (no amulet)
HPRegen  0.06/turn              p - ring of positive energy
MPRegen  0.09/turn              (no ring)

@: lethally poisoned (-3 -> -13), hasted, very quick
A: small, carnivore
a: no special abilities


You were on level 2 of the Dungeon.
You were very hungry.

You visited 1 branch of the dungeon, and saw 2 of its levels.

You collected 67 gold pieces.

Inventory:

Hand Weapons
 a - a +0 hand crossbow
 m - a +0 short sword
 r - a cursed -3 short sword (weapon)
Missiles
 d - 17 bolts
 h - 8 stones (quivered)
Armour
 e - a +0 robe (worn)
Jewellery
 p - a ring of positive energy (left hand)
Scrolls
 c - 4 scrolls of identify
Potions
 j - a potion of degeneration {unknown}
 k - a potion of agility {unknown}
 l - a potion of heal wounds {unknown}
 n - a potion of berserk rage {unknown}
 o - a potion of lignification {unknown}
 q - a potion of brilliance {unknown}
Comestibles
 f - a ration


   Skills:
 - Level 1.1 Fighting
 + Level 1.0 Short Blades
 - Level 4.2 Crossbows
 - Level 2.4 Dodging
 - Level 1.1 Spellcasting
 - Level 3.0 Hexes


You had 3 spell levels left.
You knew the following spells:

 Your Spells              Type           Power        Failure   Level  Hunger
a - Corona                Hex            #......      7%          1    ##.....

Your spell library contained the following spells:

 Spells                   Type           Power        Failure   Level  Hunger
 Slow                     Hex            #.......     11%         2    ###....
 Inner Flame              Hex/Fire       #.......     36%         3    ####...
 Portal Projectile        Hex/Tloc       #.....       36%         3    ####...
 Cause Fear               Hex            #.........   56%         4    #####..
 Leda's Liquefaction      Hex/Erth       #.........   78%         4    #####..


Dungeon Overview and Level Annotations

Branches:
Dungeon (2/15)

Altars:
Dithmenos


Innate Abilities, Weirdness & Mutations

You are small and have problems with some larger weapons.
You are carnivorous and can eat meat at any time.


Message History

You feel sick. The adder bites you.
You hit the adder.
The adder is severely wounded.
The adder misses you. x2
You hit the adder but do no damage.
The adder is severely wounded.
You feel sick.
The adder stops glowing.
The adder bites you.
You miss the adder.
The adder is severely wounded.
* * * LOW HITPOINT WARNING * * *
You feel sick. The adder bites you.
* * * LOW HITPOINT WARNING * * *
The adder closely misses you.
You hit the adder but do no damage.
The adder is severely wounded.
* * * LOW HITPOINT WARNING * * *
You feel sick. The adder bites you.
* * * LOW HITPOINT WARNING * * *
It was a potion of haste.
You feel yourself speed up. The adder bites you.
You die...

.##.......
##..._..
#.......
.........
#..##.....
#.# #..#..
# ..###.
#.#####
#.S@..+
#...###
#...#
#...#
#...#
#....
#...#
###..


You could see an adder.

Vanquished Creatures
  A dart slug (D:1)
  A leopard gecko (D:1)
  2 giant cockroaches (D:1)
  4 goblins (D:1)
  3 hobgoblins (D:1)
  3 jackals (D:1)
  A quokka (D:1)
  4 bats
  A frilled lizard (D:1)
  4 kobolds (D:1)
  4 rats
28 creatures vanquished.

Vanquished Creatures (others)
  4 toadstools (D:1)
4 creatures vanquished.

Grand Total: 32 creatures vanquished

Notes
Turn   | Place    | Note
-------+----------+-------------------------------------------
     0 | D:1      | Starchild the Kobold Arcane Marksman began the quest for
                  | the Orb.
     0 | D:1      | Reached XP level 1. HP: 12/12 MP: 2/2
   130 | D:1      | Reached skill level 3 in Crossbows
   134 | D:1      | Reached XP level 2. HP: 8/16 MP: 3/3
   563 | D:1      | Reached skill level 4 in Crossbows
   563 | D:1      | Reached XP level 3. HP: 20/20 MP: 4/4
  1221 | D:2      | Found a shadowy altar of Dithmenos.
  1271 | D:1      | Reached skill level 1 in Short Blades
  1632 | D:2      | HP: 1/20 [adder (1)]
  1633 | D:2      | Slain by an adder

Skill      XL: |  1  2  3 |
---------------+----------+-----
Crossbows      | 3 4 |  4.2
Short Blades   | 1 |  1.0
Fighting       | |  1.1
Dodging        | |  2.4
Spellcasting   | |  1.1
Hexes          | |  3.0

Action                   || total
-------------------------++-------
Melee: Short sword       ||    73
 Fire: Hand crossbow     ||    34
 Cast: Corona            ||     1
  Use: Scroll            ||     3
       Potion            ||     1
 Stab: Sleeping          ||     1
  Eat: Chunk             ||     1
Armor: Robe              ||    19
Dodge: Dodged            ||   104
